 Dungeon Crawl Stone Soup version 0.20-a0-947-g2784f4f (webtiles) character file.

322 Datul the Slasher (level 6, 0/35 HPs)
             Began as a Tengu Skald on Apr 3, 2017.
             Was a Follower of Uskayaw.
             Slain by triglyceri's ghost (12 damage)
             ... on level 3 of the Dungeon.
             The game lasted 00:16:45 (3542 turns).

Datul the Slasher (Tengu Skald)                     Turns: 3542, Time: 00:16:45

Health: 0/35       AC:  4    Str: 13    XL:     6   Next: 47%
Magic:  19/19      EV: 14    Int: 14    God:    Uskayaw [*.....]
Gold:   151        SH:  0    Dex: 13    Spells: 4/9 levels left

rFire    . . .     SeeInvis .   l - +1 short sword (venom)
rCold    . . .     Gourm    .   (no shield)
rNeg     . . .     Faith    .   b - +1 leather armour
rPois    .         Spirit   .   (helmet restricted)
rElec    .         Reflect  .   (no cloak)
rCorr    .         Harm     .   (no gloves)
MR       .....                  (boots unavailable)
Stlth    +.........             (no amulet)
Regen    0.2/turn               x - ring of magical power
MPRegen  0.2/turn               (no ring)

@: flying quickly and evasively, quick
A: beak, talons 3, able to fly 1
a: Stomp, Renounce Religion


You were on level 3 of the Dungeon.
You worshipped Uskayaw.
Uskayaw was noncommittal.
You were not hungry.

You visited 1 branch of the dungeon, and saw 3 of its levels.
You also visited: Sewer.

You collected 151 gold pieces.

Inventory:

Hand Weapons
 a - a +0 falchion
 l - a +1 short sword of venom (weapon)
 q - a +0 hunting sling
 w - a +0 trident of piercing
Missiles
 r - 120 stones (quivered)
Armour
 b - a +1 leather armour (worn)
Jewellery
 s - an uncursed ring of wizardry {unknown}
 x - a ring of magical power (left hand)
Scrolls
 f - a scroll of enchant armour
 k - a scroll of noise {unknown}
Potions
 e - 2 potions of curing
 h - a potion of berserk rage {unknown}
 i - a potion of degeneration
 n - a potion of mutation {unknown}
 o - a potion of magic {unknown}
 p - 3 potions of flight
 t - a potion of agility {unknown}
 z - a potion of brilliance {unknown}
Books
 c - a book of Battle

   Spells                             Type                      Level
   a - Infusion                       Charms                       1
   b - Shroud of Golubria             Charms/Translocation         2
   c - Song of Slaying                Charms                       2
   d - Spectral Weapon                Hexes/Charms                 3
   e - Regeneration                   Charms/Necromancy            3
Comestibles
 d - 3 bread rations
 g - 4 meat rations
 j - 7 chunks of flesh
 m - 3 royal jellies


   Skills:
 - Level 2.0 Fighting
 * Level 6.4 Long Blades
 - Level 1.1 Armour
 - Level 2.1 Dodging
 - Level 2.0 Spellcasting
 - Level 2.4 Charms
 * Level 2.5 Invocations


You had 4 spell levels left.
You knew the following spells:

 Your Spells              Type           Power        Failure   Level  Hunger
a - Infusion              Chrm           #...         14%         1    ##.....
b - Song of Slaying       Chrm           #.......     21%         2    ###....
c - Shroud of Golubria    Chrm/Tloc      #.........   30%         2    ###....


Dungeon Overview and Level Annotations

Branches:
Dungeon (3/15)

Altars:
Nemelex Xobeh
Ru
Uskayaw

Annotations:
D:3 triglyceri's ghost, amateur MfGl


Innate Abilities, Weirdness & Mutations

You have a beak for a mouth.
You have claws for feet.
You can fly.


Message History

It was a potion of flight.
You feel very buoyant.
You swoop lightly up into the air.
Triglyceri's ghost hits you.
* * * LOW HITPOINT WARNING * * *
You feel better. Triglyceri's ghost hits you.
You are too injured to fight recklessly!
You are too injured to fight recklessly!
You feel better. Triglyceri's ghost misses you.
You can no longer pass through a line of other dancers.
You barely miss triglyceri's ghost.
You claw triglyceri's ghost, but do no damage.
Triglyceri's ghost is moderately damaged.
Triglyceri's ghost hits you.
You hit triglyceri's ghost but do no damage.
You peck triglyceri's ghost, but do no damage.
Triglyceri's ghost is moderately damaged.
You closely miss triglyceri's ghost.
Triglyceri's ghost is moderately damaged.
Triglyceri's ghost hits you!
You die...

.# .# + .# ##. .# #..
.#### #.# ....# ####.#
.##)# ##....## #
.##.#######....W.# #
.##............#@# #
.##.#######..W##.# #
.#..## ##.###.# #
.....## ###.#.# #
..##..#######.#.)# #
..#.##..)....###.# ##
....##..#####.#..#######
##. .#.###.##
##.........# ##.#
#..##รท.# #.#######.#
##.##


You could see triglyceri's ghost.

Vanquished Creatures
  2 bullfrogs (Sewer)
  3 adders
  10 oozes
  A worm (D:2)
  2 dart slugs (D:1)
  9 leopard geckos
  An orc (D:3)
  6 bats
  15 giant cockroaches
  8 hobgoblins
  2 jackals (D:1)
  7 kobolds
  4 quokkas (D:3)
  13 ball pythons
  20 frilled lizards
  10 goblins
  6 rats
119 creatures vanquished.

Notes
Turn   | Place    | Note
-------+----------+-------------------------------------------
     0 | D:1      | Datul the Tengu Skald began the quest for the Orb.
     0 | D:1      | Reached XP level 1. HP: 12/12 MP: 4/4
   237 | D:1      | Reached XP level 2. HP: 17/17 MP: 6/6
   240 | D:1      | Reached skill level 3 in Long Blades
   667 | D:1      | Reached XP level 3. HP: 21/21 MP: 7/7
   679 | D:1      | Learned a level 2 spell: Song of Slaying
   682 | D:1      | Learned a level 2 spell: Shroud of Golubria
  1039 | D:2      | Reached skill level 4 in Long Blades
  1543 | D:2      | Reached XP level 4. HP: 24/26 MP: 8/8
  1782 | D:2      | Found a sparkling altar of Nemelex Xobeh.
  1784 | D:2      | Found a sacrificial altar of Ru.
  1853 | D:3      | Found a faded altar of an unknown god.
  1880 | D:3      | Became a worshipper of Uskayaw the Reveler
  1880 | D:3      | Reached * piety under Uskayaw
  2115 | D:3      | Reached skill level 5 in Long Blades
  2137 | D:3      | Noticed triglyceri's ghost (amateur MfGl)
  2148 | D:3      | Reached ** piety under Uskayaw
  2155 | D:3      | HP: 1/26 [triglyceri's ghost (5)]
  2531 | D:3      | Found a glowing drain.
  2558 | Sewer    | Entered a sewer
  2608 | Sewer    | Reached skill level 1 in Invocations
  2643 | Sewer    | Gained mutation: You can fly. [Tengu growth]
  2643 | Sewer    | Reached XP level 5. HP: 17/30 MP: 9/9
  3090 | Sewer    | Reached skill level 6 in Long Blades
  3090 | Sewer    | Reached XP level 6. HP: 28/35 MP: 10/10
  3091 | Sewer    | Reached *** piety under Uskayaw
  3096 | Sewer    | Reached **** piety under Uskayaw
  3542 | D:3      | Slain by triglyceri's ghost

Vault maps used:
D:1:      sevenhm_arrival_forest_fort_large_4, columned_hall_lemuel
D:2:      minitemple
D:3:      chequers_ecumenical_altar_island, portal_sewer_entry_f,
          kennysheep_generic_room_4
Sewer:    sewer_frog_island_02

Skill      XL: |  1  2  3  4  5 |
---------------+----------------+-----
Long Blades    | 3 4 5 6 |  6.4
Invocations    | 1 2 |  2.5
Fighting       | |  2.0
Armour         | |  1.1
Dodging        | |  2.1
Spellcasting   | |  2.0
Charms         | |  2.4

Action                   |  1- 3 |  4- 6 || total
-------------------------+-------+-------++-------
Melee: Falchion          |    64 |       ||    64
       Kick              |    20 |    43 ||    63
       Peck              |    10 |    24 ||    34
       Short sword       |    32 |   193 ||   225
       Trident           |       |     4 ||     4
 Cast: Song of Slaying   |     2 |     5 ||     7
       Infusion          |     1 |     1 ||     2
       Shroud of Golubri |       |     2 ||     2
Invok: Line Pass         |       |     1 ||     1
  Use: Potion            |     1 |     5 ||     6
       Scroll            |       |     6 ||     6
 Stab: Paralysed         |       |     1 ||     1
  Eat: Chunk             |     2 |     8 ||    10
Armor: Leather armour    |    19 |    50 ||    69
Dodge: Dodged            |    61 |   120 ||   181
       Rpst.: Falchion   |    11 |       ||    11
